 Dungeon Crawl Stone Soup version 0.21.1-1-g345015f (webtiles) character file.

54 Fang the Skirmisher (level 3, -1/36 HPs)
             Began as a Gargoyle Berserker on May 11, 2018.
             Was a Believer of Trog.
             Slain by a hobgoblin
             ... wielding a +0 club
             ... led by Robin
              (5 damage)
             ... on level 2 of the Dungeon.
             The game lasted 00:01:12 (923 turns).

Fang the Skirmisher (Gargoyle Berserker)             Turns: 923, Time: 00:01:12

Health: -1/36      AC:  5    Str: 26    XL:     3   Next: 91%
Magic:  3/3        EV: 12    Int:  7    God:    Trog [**....]
Gold:   79         SH:  0    Dex:  9    Spells: 2/2 levels left

rFire    . . .     SeeInvis .   a - +0 hand axe
rCold    . . .     Gourm    .   (no shield)
rNeg     + . .     Faith    .   b - +0 animal skin
rPois    ∞         Spirit   .   (no helmet)
rElec    +         Reflect  .   (no cloak)
rCorr    .         Harm     .   (no gloves)
MR       .....                  (no boots)
Stlth    ..........             (no amulet)
HPRegen  0.12/turn              j - ring of loudness (curse)
MPRegen  0.08/turn              (no ring)

@: berserking, very quick
A: negative energy resistance 1, electricity resistance, unbreathing,
petrification resistance, rot immunity, AC +3
a: Berserk, Trog's Hand, Burn Spellbooks, Renounce Religion


You were on level 2 of the Dungeon.
You worshipped Trog.
Trog was pleased with you.
You were very hungry.

You visited 1 branch of the dungeon, and saw 2 of its levels.

You collected 79 gold pieces.

Inventory:

Hand Weapons
 a - a +0 hand axe (weapon)
Armour
 b - a +0 animal skin (worn)
Jewellery
 j - a cursed ring of loudness (left hand)
Scrolls
 d - 2 scrolls of enchant weapon {unknown}
 f - 2 scrolls of teleportation {unknown}
 g - a scroll of amnesia {unknown}
 h - a scroll of blinking {unknown}
 k - a scroll of identify {unknown}
Potions
 e - a potion of invisibility {unknown}
 i - 2 potions of degeneration {unknown}
 m - a potion of berserk rage {unknown}
Comestibles
 c - 4 rations
 l - a chunk of flesh


   Skills:
 + Level 4.1 Fighting
 + Level 3.3 Axes
 + Level 2.3 Armour
 + Level 2.0 Dodging


You had 2 spell levels left.
You didn't know any spells.

Dungeon Overview and Level Annotations

Branches:
Dungeon (2/15)

Altars:
Okawaru

Annotations:
D:2 Robin


Innate Abilities, Weirdness & Mutations

You are resistant to torment.
Your stone body is resilient. (AC +3)
You are immune to poison.
You resist negative energy. (rN+)
You are resistant to electric shocks. (rElec)
You can survive without breathing.
You are immune to petrification.
You are immune to rotting.


Message History

You kill the goblin!
Trog accepts your kill.
You miss the goblin. You hit the goblin.
You kill the goblin!
Trog accepts your kill. The goblin hits you with a club.
* * * LOW HITPOINT WARNING * * *
The hobgoblin hits you with a club.
* * * LOW HITPOINT WARNING * * *
You barely miss the hobgoblin.
The hobgoblin is heavily wounded.
You slash the hobgoblin!
You kill the hobgoblin!
Trog accepts your kill.
You hit the hobgoblin. You hit the goblin.
You kill the goblin!
Trog accepts your kill.
Your Dodging skill increases to level 2!
You barely miss the goblin. The hobgoblin hits you with a club.
You die...

#..... ..... ....# #.
######...####..
#?......g.#...# #
#........(....# #
#.....)g.......######
## #.....g@g.#
......##. #......)).#
...#.... #.........#
<..... #.........#
#..#. #.........#
##... #########)#
#....
#.##########.###
#........(...# #
###.........## #


You could see Robin, 2 hobgoblins and a goblin.

Vanquished Creatures
  An ooze (D:1)
  A dart slug (D:1)
  A leopard gecko (D:1)
  2 orcs (D:2)
  A ball python (D:1)
  A giant cockroach (D:2)
  15 goblins
  4 hobgoblins
  A quokka (D:2)
  5 bats
  6 kobolds
  2 rats (D:1)
40 creatures vanquished.

Notes
Turn   | Place    | Note
-------+----------+-------------------------------------------
     0 | D:1      | Fang the Gargoyle Berserker began the quest for the Orb.
     0 | D:1      | Reached XP level 1. HP: 14/14 MP: 1/1
   161 | D:1      | Reached XP level 2. HP: 17/19 MP: 2/2
   534 | D:1      | Reached XP level 3. HP: 21/24 MP: 3/3
   757 | D:2      | Reached skill level 4 in Fighting
   787 | D:2      | Reached ** piety under Trog
   805 | D:2      | Found an iron altar of Okawaru.
   916 | D:2      | Noticed Robin
   923 | D:2      | Slain by a hobgoblin

Skill      XL: |  1  2  3 |
---------------+----------+-----
Axes           | 3 |  3.3
Fighting       | 4 |  4.1
Dodging        | 2 |  2.0
Armour         | |  2.3

Action                   || total
-------------------------++-------
Melee: Hand axe          ||    98
Invok: Berserk           ||     2
  Eat: Chunk             ||     1
Armor: Animal skin       ||    40
Dodge: Dodged            ||    84
